 Dungeon Crawl Stone Soup version 0.24.0-123-gd5b16e6ec5 (webtiles) character file.

Game seed: 3602572075298547610, levelgen mode: deterministic

243 Hasart the Slasher (level 5, 0/41 HPs)
             Began as a Vampire Fighter on Jan 14, 2020.
             Was an Initiate of Dithmenos.
             Slain by a hound (4 damage)
             ... on level 4 of the Dungeon.
             The game lasted 00:05:10 (2512 turns).

Hasart the Slasher (Vampire Fighter)                Turns: 2512, Time: 00:05:11

Health: 0/41       AC: 12    Str: 13 (16) XL:     5   Next: 82%
Magic:  5/5        EV:  4    Int:  9 (11) God:    Dithmenos [......]
Gold:   132        SH:  8    Dex: 12 (13) Spells: 4/4 levels left

rFire    . . .     SeeInvis +   a - +0 long sword
rCold    . . .     Gourm    .   c - +0 shield
rNeg     . . .     Faith    .   v - +0 chain mail (curse)
rPois    .         Spirit   .   (no helmet)
rElec    .         Reflect  .   b - +2 cloak
rCorr    .         Harm     .   (no gloves)
MR       .....                  (no boots)
Stlth    ..........             (no amulet)
HPRegen  0.33/turn              (no ring)
MPRegen  0.09/turn              (no ring)

@: lethally poisoned (0 -> -1), regenerating quickly, lightly drained
A: no food, fangs 3, see invisible, unbreathing
a: Exsanguinate, Renounce Religion


You were on level 4 of the Dungeon.
You worshipped Dithmenos.
Dithmenos was noncommittal.
You were alive.

You visited 1 branch of the dungeon, and saw 4 of its levels.

You collected 132 gold pieces.

Inventory:

Hand Weapons
 a - a +0 long sword (weapon)
Missiles
 u - a throwing net (quivered)
Armour
 b - a +2 cloak (worn)
 c - a +0 shield (worn)
 v - a cursed +0 chain mail (worn)
Scrolls
 f - a scroll of noise {unknown}
 g - 2 scrolls of enchant weapon {unknown}
 i - a scroll of enchant armour {unknown}
 j - a scroll of random uselessness {unknown}
 k - 2 scrolls of remove curse {unknown}
 l - a scroll of fog {unknown}
 n - a scroll of fear {unknown}
 o - 3 scrolls of immolation {unknown}
 q - a scroll of blinking {unknown}
 r - a scroll of identify {unknown}
Potions
 d - a potion of berserk rage
 t - a potion of heal wounds {unknown}


   Skills:
 + Level 3.2 Fighting
 * Level 3.8(3.7) Long Blades
 + Level 3.0(2.9) Armour
 + Level 2.0(1.9) Dodging
 + Level 3.2(3.1) Stealth
 + Level 3.3(3.2) Shields


You had 4 spell levels left.
You didn't know any spells.
Your spell library was empty.

Dungeon Overview and Level Annotations

Branches:
Dungeon (4/15)
 Temple: D:4-7

Altars:
Ashenzari
Dithmenos


Innate Abilities, Weirdness & Mutations

You do not eat.
Your natural rate of healing is unusually fast.
You have razor-sharp teeth.
You have supernaturally acute eyesight. (SInv)
You can survive without breathing.


Message History

You closely miss the adder.
The adder is heavily wounded.
You feel sick. The hound bites you but does no damage.
The adder bites you but does no damage. You block the hound's attack.
The adder bites you.
* * * LOW HITPOINT WARNING * * *
You are more poisoned.
The adder poisons you!
Your shield and chain mail prevent you from hitting the adder.
The adder is heavily wounded.
You block the hound's attack. The adder bites you but does no damage.
You block the hound's attack. The adder bites you.
* * * LOW HITPOINT WARNING * * *
Unknown command.
Your shield and chain mail prevent you from hitting the adder.
The adder is heavily wounded.
You feel sick. The hound bites you but does no damage. The adder bites you.
* * * LOW HITPOINT WARNING * * *
The hound bites you.
You die...

.........## #.
..........# #..
..........####...
............#...#
................#
...............##..
............S......
...........@h......
............##.....
.............# ...
.............## .
#............#.
#...............
#................
#...........#..##
##.............##


You could see a hound and an adder.

Vanquished Creatures
  Crazy Yiuf (D:3)
  Natasha (twice) (D:3)
  An iguana (D:3)
  8 adders
  An adder skeleton (D:4)
  2 worms (D:2)
  4 dart slugs
  A leopard gecko (D:2)
  An orc (D:3)
  6 giant cockroaches
  5 goblins
  3 hobgoblins
  4 kobolds
  2 quokkas (D:2)
  3 ball pythons
  4 bats
  5 frilled lizards
  8 rats
61 creatures vanquished.

Notes
Turn   | Place    | Note
-------+----------+-------------------------------------------
     0 | D:1      | Hasart the Vampire Fighter began the quest for the Orb.
     0 | D:1      | Reached XP level 1. HP: 17/17 MP: 1/1
   234 | D:1      | Reached XP level 2. HP: 22/23 MP: 2/2
   540 | D:1      | Reached skill level 1 in Stealth
   769 | D:2      | Reached XP level 3. HP: 28/28 MP: 3/3
   931 | D:2      | Reached skill level 1 in Dodging
   997 | D:2      | Found a shadowy altar of Dithmenos.
  1035 | D:2      | Reached XP level 4. HP: 35/35 MP: 4/4
  1336 | D:2      | Became a worshipper of Dithmenos the Shadowed
  1546 | D:3      | Found a shattered altar of Ashenzari.
  1840 | D:3      | Reached XP level 5. HP: 23/41 MP: 5/5
  2055 | D:3      | Noticed Natasha
  2069 | D:3      | Killed Natasha
  2131 | D:3      | Noticed Natasha
  2139 | D:3      | Killed Natasha
  2269 | D:3      | Found a runed translucent door.
  2270 | D:3      | Noticed Crazy Yiuf
  2282 | D:3      | Killed Crazy Yiuf
  2291 | D:3      | HP: 2/41 [poisoned by Crazy Yiuf]
  2512 | D:4      | Slain by a hound

Levels and vault maps discovered:
D:1:      dpeg_arrival_lava_temple_mockup, layout_basic
D:2:      layout_rooms, nicolae_dithmenos_shadow_blocks,
          hangedman_abyss_or_decor_lesser_grid
D:3:      layout_rooms, first_ration, ashenzari_altar_1, uniq_natasha,
          uniq_crazy_yiuf_cottage
D:4:      layout_layer_cave, elyvilon_altar_1, uniq_grinder

Skill      XL: |  1  2  3  4  5 |
---------------+----------------+-----
Stealth        | 1 2 3 |  3.2
Dodging        | 1 2 |  2.0
Shields        | 3 |  3.3
Fighting       | 3 |  3.2
Long Blades    | 3 |  3.8
Armour         | 3 |  3.0

Action                   |  1- 3 |  4- 6 || total
-------------------------+-------+-------++-------
Melee: Long sword        |    98 |   131 ||   229
       Bite              |    11 |    10 ||    21
  Use: Potion            |       |     6 ||     6
 Stab: Invisible         |       |     1 ||     1
Armor: Scale mail        |    41 |    65 ||   106
       Chain mail        |       |    34 ||    34
Dodge: Dodged            |    35 |    62 ||    97
Block: Shield            |    51 |    71 ||   122
       Rpst.: Long sword |    12 |    17 ||    29
